 Dungeon Crawl Stone Soup version 0.30-a0-125-g51eefa89be (webtiles) character file.

Game seed: 6215679215534273632

25 bande the Trooper (level 3, 0/33 HPs)
             Began as a Hill Orc Fighter on Sept 19, 2022.
             Slain by a worm (9 damage)
             ... on level 2 of the Dungeon.
             The game lasted 00:00:55 (843 turns).

bande the Trooper (Hill Orc Fighter)                 Turns: 843, Time: 00:00:56

Health: 0/33       AC:  6    Str: 18    XL:     3   Next: 6%
Magic:  3/3        EV:  9    Int:  8    God:
Gold:   84         SH:  4    Dex: 12    Spells: 2/2 levels left

rFire   . . .      SeeInvis .    a - +0 war axe
rCold   . . .      Faith    .    c - +0 buckler
rNeg    . . .      Spirit   .    b - +0 scale mail
rPois   .          Reflect  .    (no helmet)
rElec   .          Harm     .    (no cloak)
rCorr   .          Rampage  .    (no gloves)
Will    .....                    (no boots)
Stlth   ..........               (no amulet)
HPRegen 0.11/turn                (no ring)
MPRegen 0.08/turn                (no ring)

@: no status effects
A: no striking features
a: no special abilities


You were on level 2 of the Dungeon.
You visited 1 branch of the dungeon, and saw 2 of its levels.

You collected 84 gold pieces.

Inventory:

Hand Weapons
 a - a +0 war axe (weapon)
Armour
 b - a +0 scale mail (worn)
 c - a +0 buckler (worn)
Jewellery
 h - a ring of wizardry
Scrolls
 f - a scroll of enchant armour {unknown}
 g - a scroll of fear {unknown}
 j - a scroll of identify {unknown}
 k - a scroll of butterflies {unknown}
Potions
 d - a potion of might
 e - a potion of magic {unknown}
 i - 2 potions of heal wounds {unknown}


   Skills:
 + Level 4.0 Fighting
 + Level 3.1 Axes
 + Level 3.6 Armour
 + Level 3.7 Shields


You had 2 spell levels left.
You didn't know any spells.
Your spell library was empty.

Dungeon Overview and Level Annotations

Branches:
Dungeon (2/15)

Altars:


Message History

The bat hits you but does no damage. The endoplasm closely misses you.
You slash the endoplasm!
You kill the endoplasm!
The bat hits you. The bat closely misses you. The bat barely misses you.
You slash the bat!
You kill the bat!
You block the worm's attack.
A worm is nearby!
You hit the worm but do no damage. You hit the worm.
The worm is moderately wounded.
The worm bites you!
You slash the worm!
The worm is severely wounded.
The worm bites you.
You barely miss the worm.
The worm is severely wounded.
The worm closely misses you.
You barely miss the worm.
The worm is severely wounded.
The worm bites you but does no damage.
You hit the worm but do no damage.
The worm is heavily wounded.
You hit the worm.
The worm is severely wounded.
The worm bites you.
You hit the worm.
The worm is severely wounded.
The worm bites you!
* * * LOW HITPOINT WARNING * * *
You are too injured to fight recklessly!
You are too injured to fight recklessly!
You are too injured to fight recklessly!
You are too injured to fight recklessly!
You are too injured to fight recklessly!
You hit the worm but do no damage.
The worm is severely wounded.
The worm bites you!
You die...

#.........# ##.#######.#
.## #<#.######.####...
.......#.#..†..........#
####.##.#.###.........:.
# ..###..............
.## #?###..).......# #
#.####.$........#
#.....w@...##.#.
#####.##..## # ......##
#....... ..........
#.#.....#..# # #.....
..# ###.## ..#


You could see a worm.

Vanquished Creatures
  4 endoplasms
  A goblin (D:1)
  3 hobgoblins
  2 jackals (D:2)
  A quokka (D:1)
  3 ball pythons (D:1)
  3 bats
  A frilled lizard (D:1)
  4 kobolds (D:1)
  A rat (D:1)
23 creatures vanquished.

Notes
Turn   | Place    | Note
-------+----------+-------------------------------------------
     0 | D:1      | bande the Hill Orc Fighter began the quest for the Orb.
     0 | D:1      | Reached XP level 1. HP: 19/19 MP: 1/1
    77 | D:1      | Found a faded altar of an unknown god.
   162 | D:1      | Reached XP level 2. HP: 25/27 MP: 2/2
   821 | D:2      | Reached skill level 4 in Fighting
   822 | D:2      | Reached XP level 3. HP: 33/33 MP: 3/3
   843 | D:2      | Slain by a worm

Illustrated notes

Levels and vault maps discovered:
D:1:      heliophobic_arrival_henge, layout_basic,
          nicolae_ecumenical_snake_handling
D:2:      layout_loops_ring, serial_shops, shop, shop, shop_fountains,
          grunt_ministairs_14, minmay_pentomino_t2, uniq_robin

Skill      XL: |  1  2 |
---------------+-------+-----
Axes           | 3 |  3.1
Fighting       | 4 |  4.0
Armour         | |  3.6
Shields        | |  3.7

Action                   || total
-------------------------++-------
Melee: War axe           ||    64
Armor: Scale mail        ||    31
Dodge: Dodged            ||    31
Block: Buckler           ||     6

Table legend: (Time is in decaauts)
 A = Elapsed time spent in this place.
 B = Non-inter-level travel time spent in this place.
 C = Inter-level travel time spent in this place.
 D = Time resting spent in this place.
 E = Time spent auto-exploring this place.
 F = Levels seen in this place.
 G = Mean time per level.
                   A        B        C        D        E       F      G
               +--------+--------+--------+--------+--------+-----+--------+
         Total |    868 |    868 |      0 |      0 |    695 |   2 |  434.0 |
       Dungeon |    868 |    868 |      0 |      0 |    695 |   2 |  434.0 |
               +--------+--------+--------+--------+--------+-----+--------+

Top non-repeatable levels by time:
     D:1: 820 daAuts
     D:2: 47 daAuts
